 Dungeon Sprint DCSS version 0.21-a0-278-ga722497 (webtiles) character file.

713 Kidiri the Protected (level 7, -8/50 HPs)
             Began as a Gargoyle Fighter on Sept 20, 2017.
             Was a Believer of Okawaru.
             Mangled by a merfolk
             ... wielding a +0 trident
              (14 damage)
             ... in the Dungeon (Sprint VII: "The Pits").
             The game lasted 00:04:48 (882 turns).

Kidiri the Protected (Gargoyle Fighter)              Turns: 882, Time: 00:04:50

Health: -8/50      AC: 15    Str: 21    XL:     7   Next: 69%
Magic:  8/10       EV: 14    Int:  8    God:    Okawaru [**....]
Gold:   0          SH: 13    Dex: 10    Spells: 6/6 levels left

rFire    . . .     SeeInvis .   a - +2 mace
rCold    . . .     Gourm    .   c - +0 shield
rNeg     + . .     Faith    .   t - +3 ring mail
rPois    ∞         Spirit   .   (no helmet)
rElec    +         Reflect  .   (no cloak)
rCorr    .         Harm     .   (no gloves)
MR       .....     NoTele   +   (no boots)
Stlth    ++........             (no amulet)
HPRegen  0.16/turn              (no ring)
MPRegen  0.12/turn              (no ring)

@: heroism
A: negative energy resistance 1, electricity resistance, unbreathing,
petrification resistance, rot immunity, AC +4
a: Heroism, Renounce Religion


You were in the Dungeon.
You worshipped Okawaru.
Okawaru was pleased with you.
You were not hungry.

You visited 1 branch

Inventory:

Hand Weapons
 a - a +2 mace (weapon)
Armour
 c - a +0 shield (worn)
 t - a +3 ring mail (worn)
Scrolls
 k - a scroll of blinking
 m - 3 scrolls of remove curse
 n - 5 scrolls of amnesia
 o - a scroll of summoning
Potions
 d - a potion of might
 e - 6 potions of curing
 h - a potion of haste
 i - 4 potions of magic
 j - 2 potions of berserk rage
 l - 2 potions of invisibility
 r - 4 potions of heal wounds
Comestibles
 b - 3 chunks of flesh
 f - 8 bread rations
 p - 40 fruits
 q - 7 meat rations


   Skills:
 * Level 8.3(13.3) Fighting
 * Level 7.3(12.3) Maces & Flails
 + Level 4.1(9.1) Throwing
 * Level 8.3(13.3) Armour
 + Level 3.9(8.9) Dodging
 * Level 8.3(13.3) Shields
 + Level 5.0 Invocations


You had 6 spell levels left.
You didn't know any spells.

Dungeon Overview and Level Annotations

Branches:
Dungeon (1/1)

Altars:
Ashenzari
Cheibriados
Dithmenos
Elyvilon
Fedhas
Gozag
Hepliaklqana
Kikubaaqudgha
Makhleb
Nemelex Xobeh
Okawaru
Qazlal
Ru
Sif Muna
Trog
Uskayaw
Vehumet
Wu Jian
Xom
Yredelemnul
Zin
The Shining One
Beogh
Jiyva
Lugonu


Innate Abilities, Weirdness & Mutations

You are resistant to torment.
Your stone body is resilient. (AC +4)
You are immune to poison.
You resist negative energy. (rN+)
You are resistant to electric shocks. (rElec)
You can survive without breathing.
You are immune to petrification.
You are immune to rotting.


Message History

The merfolk is heavily wounded.
You block the merfolk's attack.
You gain the combat prowess of a mighty hero.
The merfolk completely misses you.
You hit the merfolk.
The merfolk is severely wounded.
The merfolk hits you but does no damage.
You closely miss the merfolk.
The merfolk is severely wounded.
The merfolk misses you.
You closely miss the merfolk.
The merfolk is severely wounded.
You sock the merfolk!
The merfolk is almost dead.
The merfolk hits you with a trident!
* * * LOW HITPOINT WARNING * * *
You hit the merfolk.
The merfolk is almost dead.
The merfolk hits you with a trident!
You die...

#.#........##.......#
#.#.....[..##.......#
#'###########.......#
#.......# #########
#..###.[# #.......#
##.###.##+#
#.......#m+
#..###..#@#
#.......'.#
###########


You could see a merfolk.

Vanquished Creatures
  Pikel (D)
  A porcupine (D)
  4 slaves (D)
  A centaur (D)
  A crimson imp (D)
  2 river rats (D)
  An ufetubus (D)
  A leopard gecko (D)
  An orc (D)
  A goblin (D)
  4 jackals (D)
  3 quokkas (D)
  A frilled lizard (D)
22 creatures vanquished.

Vanquished Creatures (others)
  A necrophage (D)
  A ball python (D)
2 creatures vanquished.

Grand Total: 24 creatures vanquished

Notes
Turn   | Place    | Note
-------+----------+-------------------------------------------
     0 | D        | Kidiri the Gargoyle Fighter began the quest for the Orb.
     0 | D        | Reached XP level 1. HP: 14/14 MP: 1/1
    54 | D        | Found a bloodstained altar of Trog.
    54 | D        | Found a deep blue altar of Sif Muna.
    54 | D        | Found a viscous altar of Jiyva.
    54 | D        | Found a hazy altar of Hepliaklqana.
    54 | D        | Found an opulent altar of Gozag.
    55 | D        | Found a glowing golden altar of the Shining One.
    55 | D        | Found a glowing silver altar of Zin.
    55 | D        | Found a basalt altar of Yredelemnul.
    55 | D        | Found a shimmering altar of Xom.
    55 | D        | Found an ornate altar of the Wu Jian Council.
    55 | D        | Found a sacrificial altar of Ru.
    55 | D        | Found a stormy altar of Qazlal.
    55 | D        | Found an iron altar of Okawaru.
    55 | D        | Found a sparkling altar of Nemelex Xobeh.
    55 | D        | Found a burning altar of Makhleb.
    55 | D        | Found a blossoming altar of Fedhas.
    55 | D        | Found a white marble altar of Elyvilon.
    55 | D        | Found a shadowy altar of Dithmenos.
    55 | D        | Found a snail-covered altar of Cheibriados.
    57 | D        | Found a radiant altar of Vehumet.
    57 | D        | Found a corrupted altar of Lugonu.
    57 | D        | Found a roughly hewn altar of Beogh.
    58 | D        | Found a hide-covered altar of Uskayaw.
    58 | D        | Found an ancient bone altar of Kikubaaqudgha.
    58 | D        | Found a shattered altar of Ashenzari.
    63 | D        | Became a worshipper of Warmaster Okawaru
    84 | D        | Reached XP level 2. HP: 20/20 MP: 2/2
   114 | D        | Reached skill level 1 in Throwing
   114 | D        | Reached skill level 1 in Dodging
   120 | D        | Reached XP level 3. HP: 18/24 MP: 3/3
   210 | D        | Reached skill level 1 in Invocations
   336 | D        | Noticed a slave
   336 | D        | Noticed a slave
   337 | D        | Noticed Pikel
   339 | D        | Noticed a centaur
   344 | D        | Noticed a slave
   349 | D        | Noticed a slave
   361 | D        | Noticed a necrophage
   361 | D        | Reached skill level 5 in Fighting
   361 | D        | Reached skill level 5 in Armour
   361 | D        | Reached skill level 5 in Shields
   361 | D        | Reached XP level 4. HP: 31/31 MP: 3/5
   364 | D        | Killed a centaur
   364 | D        | Reached * piety under Okawaru
   364 | D        | Reached XP level 5. HP: 36/36 MP: 3/7
   385 | D        | Killed Pikel
   385 | D        | Reached ** piety under Okawaru
   385 | D        | Reached XP level 6. HP: 13/44 MP: 6/9
   385 | D        | Reached XP level 7. HP: 15/49 MP: 6/10
   595 | D        | Reached skill level 5 in Invocations
   859 | D        | Noticed a merfolk
   882 | D        | Mangled by a merfolk

Vault maps used:
D:        pitsprint

Skill      XL: |  1  2  3  4  5  6  7 |
---------------+----------------------+-----
Armour         | 4 5 8 |  8.3
Fighting       | 4 5 8 |  8.3
Maces & Flails | 3 4 7 |  7.3
Throwing       | 1 2 4 |  4.1
Dodging        | 1 2 3 |  3.9
Shields        | 4 5 8 |  8.3
Invocations    | 1 2 4 5 |  5.0

Action                   |  1- 3 |  4- 6 |  7- 9 || total
-------------------------+-------+-------+-------++-------
Melee: Flail             |     6 |       |       ||     6
       Mace              |    60 |    24 |    87 ||   171
Invok: Heroism           |       |       |     3 ||     3
  Use: Potion            |     2 |       |     1 ||     3
 Stab: Distracted        |       |       |     2 ||     2
Armor: Scale mail        |    25 |       |       ||    25
       Ring mail         |     7 |     8 |    18 ||    33
Dodge: Dodged            |    27 |     4 |    22 ||    53
Block: Shield            |    45 |    17 |    33 ||    95

Table legend:
 A = Spawn XP
 B = Non-spawn XP
 C = Spawn XP percentage of total XP
 D = Spawn monster count
 E = Non-spawn monster count
 F = Spawn count percentage of total count
 G = Total turns spent on level
                    A         B        C        D         E        F      G
               +---------+---------+-------+---------+---------+-------+---------
         Total |       0 |    1019 |   0.0 |       0 |      18 |   0.0 |   882
               +---------+---------+-------+---------+---------+-------+---------
             D |       0 |    1019 |   0.0 |       0 |      18 |   0.0 |   882
               +---------+---------+-------+---------+---------+-------+---------
